 Dungeon Crawl Stone Soup version 0.29.1-14-g9c671dbff4 (webtiles) character file.

Game seed: 2049905491880577839

1822 magnet the Thaumaturge (level 8, -6/48 HPs)
             Began as a Deep Elf Fire Elementalist on Feb 18, 2023.
             Was an Initiate of Vehumet.
             Mangled by a five-headed hydra (16 damage)
             ... on level 6 of the Dungeon.
             The game lasted 00:30:46 (9094 turns).

magnet the Thaumaturge (Deep Elf Fire Elementalist) Turns: 9094, Time: 00:30:47

Health: -6/48      AC:  5    Str:  5    XL:     8   Next: 85%
Magic:  18/23      EV: 17    Int: 23    God:    Vehumet [......]
Gold:   289        SH:  0    Dex: 15    Spells: 19/25 levels left

rFire   . . .      SeeInvis .   o - +2 dagger (venom)
rCold   . . .      Faith    .   (no shield)
rNeg    . . .      Spirit   .   a - +0 robe
rPois   +          Reflect  .   (no helmet)
rElec   .          Harm     .   E - +0 cloak
rCorr   .          Rampage  .   (no gloves)
Will    .....                   j - +1 pair of boots
Stlth   ++........              (no amulet)
HPRegen 0.16/turn               l - ring of poison resistance
MPRegen 0.18/turn               p - +4 ring of evasion

@: about to teleport
A: no striking features
a: Renounce Religion


You were on level 6 of the Dungeon.
You worshipped Vehumet.
Vehumet was noncommittal.
You visited 2 branches of the dungeon, and saw 8 of its levels.
You also visited: Ossuary.

You collected 289 gold pieces.

Inventory:

Hand Weapons
 o - a +2 dagger of venom (weapon)
Armour
 a - a +0 robe (worn)
 j - a +1 pair of boots (worn)
 E - a +0 cloak (worn)
Jewellery
 l - a ring of poison resistance (left hand)
 p - a +4 ring of evasion (right hand)
 v - a ring of flight
Wands
 y - a wand of light (5)
 B - a wand of roots (18)
 C - a wand of digging (3)
Scrolls
 c - a scroll of teleportation
 d - 2 scrolls of magic mapping
 f - 3 scrolls of butterflies {unknown}
 g - a scroll of immolation {unknown}
 k - 4 scrolls of enchant weapon
 m - 2 scrolls of vulnerability {unknown}
 s - a scroll of amnesia {unknown}
 t - 2 scrolls of summoning {unknown}
 u - 2 scrolls of blinking {unknown}
 w - 5 scrolls of identify
 z - a scroll of poison {unknown}
 D - a scroll of noise {unknown}
Potions
 b - a potion of magic
 e - 2 potions of curing {unknown}
 h - 2 potions of ambrosia
 i - 6 potions of brilliance
 n - 2 potions of lignification {unknown}
 q - a potion of attraction {unknown}
 r - 2 potions of haste {unknown}
 x - 3 potions of degeneration {unknown}
 A - a potion of might
 F - a potion of invisibility {unknown}


   Skills:
 * Level 3.6 Fighting
 + Level 3.2 Dodging
 - Level 3.3 Stealth
 + Level 9.4 Spellcasting
 + Level 4.0 Conjurations
 + Level 7.9 Fire Magic


You had 19 spell levels left.
You knew the following spells:

 Your Spells              Type           Power      Damage    Failure   Level
a - Foxfire               Conj/Fire      100%       2x1d9     1%          1
b - Scorch                Fire           94%        2d9       1%          2
c - Conjure Flame         Conj/Fire      38%        6-21      1%          3

Your spell library contained the following spells:

 Spells                   Type           Power      Damage    Failure   Level
 Inner Flame              Hex/Fire       29%        N/A       3%          3
 Flame Wave               Conj/Fire      38%        2d10      4%          4
 Gell's Gravitas          Tloc           10%        N/A       19%         3
 Lesser Beckoning         Tloc           10%        N/A       19%         3
 Teleport Other           Tloc           10%        N/A       19%         3


Dungeon Overview and Level Annotations

Branches:
Dungeon (7/15)             Temple (1/1) D:4         Ossuary (visited)

Altars:
Cheibriados
Dithmenos
Elyvilon
Fedhas
Gozag
Hepliaklqana
Kikubaaqudgha
Makhleb
Nemelex Xobeh
Okawaru
Qazlal
Ru
Uskayaw
Vehumet
Wu Jian
Xom
Yredelemnul
Zin
The Shining One

Shops:
D:5 *


Message History

Found 5 stones.
F - a bubbling clear potion
Things that are here:
a +0 robe; a +0 dagger
Items here: ))) [ ††.
Found 8 stones.
There is an open door here.
Found a stone staircase leading down.
You see here 5 stones.
There is an open door here.
As you open the door, it creaks loudly!
There is an open door here.
There is an open door here.
Casting: Foxfire (safe; 1% risk of failure)
Confirm with . or Enter, or press ? or * to list all spells.
The fire begins to smoulder!
The five-headed hydra attacks as you move away!
The five-headed hydra bites you!
The five-headed hydra completely misses you.
The five-headed hydra bites you!
The five-headed hydra completely misses you.
The five-headed hydra bites you.
The five-headed hydra smothers the flame.
Casting: Conjure Flame (safe; 1% risk of failure)
Confirm with . or Enter, or press ? or * to list all spells.
Flames lash the five-headed hydra.
The five-headed hydra is moderately wounded.
The five-headed hydra's fire resistance burns away.
The five-headed hydra barely misses you.
The five-headed hydra completely misses you.
The five-headed hydra bites you!
* * * LOW HITPOINT WARNING * * *
The five-headed hydra completely misses you.
The five-headed hydra bites you.
* * * LOW HITPOINT WARNING * * *
As you read the scroll of teleportation, it crumbles to dust.
You feel strangely unstable. The five-headed hydra misses you.
The five-headed hydra bites you but does no damage.
The five-headed hydra bites you!
You die...

######### #........ #........
######....... #########
#............ #.......#
#........#
##.......########........#
#>.......'.....@D........# #####
#........########........# #....
##........# #........# #.#..
..........########........###.#..
######.................<...÷)....
######....(..############.#####..
....##.......# #..####..
....#....#......# ##...###.
....#....#......# ###..##.


You could see a five-headed hydra (combustible).

Vanquished Creatures
  A shadow (D:6)
  2 wraiths
  Eustachio (D:5)
  An ice beast (D:6)
  3 black bears (D:6)
  A necrophage (D:5)
  A scorpion (D:5)
  4 orc priests
  4 jellies
  A gnoll bouda (D:6)
  6 hounds
  Ijyb (D:5)
  An iguana (D:6)
  An orc wizard (D:6)
  A mummy (Ossuary)
  A gnoll (D:1)
  8 adders
  A shadow imp (D:6)
  A white imp (D:6)
  2 ufetubi
  A worm (D:3)
  A dart slug (D:1)
  13 orcs
  3 ball pythons (D:1)
  11 endoplasms
  2 giant cockroaches (D:1)
  3 hobgoblins (D:2)
  2 jackals (D:2)
  3 quokkas
  3 bats (D:2)
  A frilled lizard (D:2)
  5 gnoll skeletons (Ossuary)
  6 goblins
  15 kobolds
  8 kobold skeletons (Ossuary)
  12 orc skeletons (Ossuary)
  3 rats
134 creatures vanquished.

Vanquished Creatures (collateral kills)
  4 foxfires (D:2)
4 creatures vanquished.

Vanquished Creatures (others)
  478 foxfires
  7 fungi (D:3)
  6 plants (D:2)
  9 toadstools (D:3)
500 creatures vanquished.

Grand Total: 638 creatures vanquished

Notes
Turn   | Place    | Note
-------+----------+-------------------------------------------
     0 | D:1      | magnet the Deep Elf Fire Elementalist began the quest for
                  | the Orb.
     0 | D:1      | Reached XP level 1. HP: 10/10 MP: 6/6
   349 | D:1      | Reached XP level 2. HP: 15/15 MP: 0/8
   650 | D:1      | Learned a level 2 spell: Scorch
  1217 | D:2      | Reached XP level 3. HP: 19/19 MP: 4/9
  1351 | D:2      | Found a faded altar of an unknown god.
  3623 | D:3      | Reached skill level 4 in Spellcasting
  3623 | D:3      | Reached XP level 4. HP: 24/24 MP: 3/12
  3834 | D:3      | Reached skill level 5 in Spellcasting
  3834 | D:3      | Reached XP level 5. HP: 28/28 MP: 4/14
  4126 | D:3      | Found a shadowy altar of Dithmenos.
  4251 | D:4      | Found a sand-covered staircase.
  4260 | Ossuary  | Entered an ossuary
  4260 | Ossuary  | Noticed a wraith
  4260 | Ossuary  | Noticed a wraith
  4260 | Ossuary  | Noticed a wraith
  4791 | Ossuary  | Noticed a wraith
  4809 | Ossuary  | Killed a wraith
  4810 | Ossuary  | Reached skill level 1 in Fighting
  4810 | Ossuary  | Reached skill level 6 in Spellcasting
  4810 | Ossuary  | Reached skill level 5 in Fire Magic
  4810 | Ossuary  | Reached XP level 6. HP: 28/34 MP: 13/17
  5299 | D:4      | Found a white marble altar of Elyvilon.
  5590 | D:4      | Found a staircase to the Ecumenical Temple.
  5763 | Temple   | Entered the Ecumenical Temple
  5900 | Temple   | Became a worshipper of Vehumet
  5998 | D:5      | Entered Level 5 of the Dungeon
  6150 | D:5      | Found Tuarph's General Store.
  6275 | D:5      | Reached XP level 7. HP: 38/38 MP: 14/18
  6680 | D:5      | Noticed Ijyb
  6692 | D:5      | Killed Ijyb
  6756 | D:5      | Learned a level 3 spell: Conjure Flame
  6983 | D:5      | Noticed Eustachio
  7051 | D:5      | Reached skill level 7 in Spellcasting
  7262 | D:6      | You fall into a shaft and drop 1 floor!
  7535 | D:6      | Noticed a five-headed hydra
  7676 | D:5      | Killed Eustachio
  7792 | D:5      | Identified the +10 trident "Lamuilug" {vorpal, rElec rC+}
  7965 | D:6      | Reached XP level 8. HP: 45/45 MP: 12/21
  8144 | D:6      | Reached skill level 8 in Spellcasting
  8593 | D:6      | Reached skill level 9 in Spellcasting
  9094 | D:6      | Mangled by a five-headed hydra

Illustrated notes

Levels and vault maps discovered:
D:1:      ebering_hopf_link, layout_basic, chequers_serial_rivers_micro_b
D:2:      layout_loops_ring, serial_forest, infiniplex_forest_clump_medium,
          infiniplex_forest_lined_4_way, infiniplex_forest_clump_diagonal,
          infiniplex_forest_straight_2, infiniplex_forest_lined_room_2,
          infiniplex_forest_clump_diagonal, infiniplex_forest_clump_diagonal,
          infiniplex_forest_lined_ring, ebering_ecumenical_altar_mist,
          kennysheep_boxes
D:3:      cheibrodos_fertilizer, layout_rooms, grunt_dithmenos_smoke_and_mirrors
D:4:      layout_cave_pools, mainiacjoe_overflow_catwalk, temple_pool_b,
          chequers_ossuary_entry_cave, hangedman_decor_slide_cut
D:5:      layout_basic, serial_shops, shop, uniq_eustachio, uniq_ijyb
D:6:      layout_basic, minmay_manual_mess
D:7:      cheibrodos_iron_armory, layout_rooms, minmay_increasing_density
Temple:   minmay_crystal_spiral_temple

Skill      XL: |  1  2  3  4  5  6  7  8 |
---------------+-------------------------+-----
Fire Magic     | 4 5 6 7 |  7.9
Spellcasting   | 4 5 6 7 9 |  9.4
Conjurations   | 2 3 4 |  4.0
Stealth        | 3 |  3.3
Fighting       | 1 2 3 |  3.6
Dodging        | 3 |  3.2

Action                   |  1- 3 |  4- 6 |  7- 9 || total
-------------------------+-------+-------+-------++-------
Melee: Unarmed           |    13 |       |       ||    13
       Dagger            |       |     1 |       ||     1
 Cast: Foxfire           |    86 |   118 |    83 ||   287
       Scorch            |    14 |    23 |    41 ||    78
       Conjure Flame     |       |       |     2 ||     2
  Use: Scroll            |       |     4 |     2 ||     6
       Potion            |       |     1 |     1 ||     2
Armor: Robe              |       |     1 |     9 ||    10
Dodge: Dodged            |     1 |    19 |    53 ||    73
